 Dungeon Crawl Stone Soup version 0.30-a0-528-g8c47a4955b (webtiles) character file.

Game seed: 16542153784932201231

103 JoshKwa the Trooper (level 4, -1/60 HPs)
             Began as a Draconian Fighter on Dec 23, 2022.
             Slain by a gnoll
             ... wielding a +0 halberd
              (9 damage)
             ... on level 3 of the Dungeon.
             The game lasted 00:10:46 (2562 turns).

JoshKwa the Trooper (Draconian Fighter)             Turns: 2562, Time: 00:10:46

Health: -1/60      AC:  5    Str: 18    XL:     4   Next: 51%
Magic:  0/4        EV: 12    Int: 11    God:
Gold:   51         SH:  4    Dex: 10    Spells: 3/3 levels left

rFire   . . .      SeeInvis .    a - +0 long sword (venom)
rCold   . . .      Faith    .    b - +0 buckler
rNeg    . . .      Spirit   +    (body armour unavailable)
rPois   .          Reflect  .    (helmet restricted)
rElec   .          Harm     .    (no cloak)
rCorr   .          Rampage  .    (no gloves)
Will    .....                    (no boots) Stlth
                                 s - amulet of guardian spirit
HPRegen 0.30/turn                (no ring)
MPRegen 0.09/turn                (no ring)

@: mighty, berserking, very quick
A: AC +5, unfitting armour, cold-blooded
a: no special abilities


You were on level 3 of the Dungeon.
You visited 1 branch of the dungeon, and saw 3 of its levels.

You collected 51 gold pieces.

Inventory:

Hand Weapons
 a - a +0 long sword of venom (weapon)
 j - a +0 club
Armour
 b - a +0 buckler (worn)
Jewellery
 s - an amulet of guardian spirit (around neck)
Scrolls
 c - 2 scrolls of poison {unknown}
 l - 3 scrolls of identify {unknown}
 n - a scroll of teleportation {unknown}
 o - a scroll of enchant weapon {unknown}
Potions
 e - 3 potions of haste {unknown}
 f - 2 potions of attraction {unknown}
 k - a potion of magic {unknown}
 p - a potion of degeneration {unknown}
 q - a potion of lignification {unknown}
 r - a potion of ambrosia {unknown}
 u - 2 potions of flight {unknown}


   Skills:
 + Level 3.6 Fighting
 + Level 3.3 Long Blades
 + Level 3.3 Dodging
 + Level 0.3 Stealth
 + Level 3.6 Shields


You had 3 spell levels left.
You didn't know any spells.
Your spell library was empty.

Dungeon Overview and Level Annotations

Branches:
Dungeon (3/15)

Altars:
Cheibriados
The Shining One


Innate Abilities, Weirdness & Mutations

Your plain brown scales are hard. (AC +5)
You cannot fit into any form of body armour.
You are cold-blooded and may be slowed by cold attacks.


Message History

You are lethally poisoned!
The water moccasin poisons you! You block the gnoll's attack.
You hit the water moccasin.
The water moccasin is lightly wounded.
* * * LOW HITPOINT WARNING * * *
You feel very sick. The water moccasin barely misses you.
The water moccasin bites you but does no damage.
The gnoll barely misses you.
You feel better. The water moccasin closely misses you.
The gnoll closely misses you.
You feel very mighty all of a sudden. The water moccasin closely misses you.
The gnoll closely misses you. The water moccasin barely misses you.
A red film seems to cover your vision as you go berserk!
You feel yourself moving faster!
You feel mighty!
The water moccasin bites you but does no damage.
The gnoll closely misses you.
You barely miss the water moccasin.
The water moccasin is lightly wounded.
The water moccasin closely misses you.
The gnoll hits you from afar with a +0 halberd.
The gnoll hits you from afar with a +0 halberd!
* * * LOW HITPOINT WARNING * * *
You closely miss the water moccasin.
The water moccasin is lightly wounded.
The water moccasin bites you but does no damage.
You closely miss the water moccasin.
The water moccasin is lightly wounded.
The water moccasin misses you.
The gnoll hits you from afar with a +0 halberd.
* * * LOW HITPOINT WARNING * * *
The gnoll closely misses you. The water moccasin bites you.
* * * LOW HITPOINT WARNING * * *
You slash the water moccasin!
The water moccasin is heavily wounded.
The gnoll hits you from afar with a +0 halberd.
* * * LOW HITPOINT WARNING * * *
The gnoll hits you from afar with a +0 halberd!
You die...

#.#<#######..#
#...........##
#.#########)†.##
#.# ##.....## ..
#.......## . #
#.........####...#
+.........'.......
#.#######.####...#
#.......@.# .
#.#.###S#.# #.
.gg#.# #. .._..#.#
#.....#.#
#.###.#.# ...
..... .# ## ..


You could see a water moccasin and 2 gnolls.

Vanquished Creatures
  Robin (D:2)
  3 adders
  A worm (D:2)
  A dart slug (D:1)
  3 bats
  2 endoplasms (D:2)
  A giant cockroach (D:1)
  11 goblins (D:2)
  9 hobgoblins
  4 jackals (D:1)
  2 kobolds
  5 quokkas (D:1)
  2 ball pythons
  4 frilled lizards
  6 rats
55 creatures vanquished.

Vanquished Creatures (others)
  14 plants (D:2)
14 creatures vanquished.

Grand Total: 69 creatures vanquished

Notes
Turn   | Place    | Note
-------+----------+-------------------------------------------
     0 | D:1      | JoshKwa the Draconian Fighter began the quest for the Orb.
     0 | D:1      | Reached XP level 1. HP: 19/19 MP: 1/1
   104 | D:1      | Reached XP level 2. HP: 22/26 MP: 2/2
   968 | D:1      | Reached XP level 3. HP: 29/31 MP: 3/3
  1097 | D:2      | Noticed Robin
  1115 | D:2      | Killed Robin
  2092 | D:2      | Found a snail-covered altar of Cheibriados.
  2146 | D:2      | Reached XP level 4. HP: 39/39 MP: 4/4
  2546 | D:3      | Found a glowing golden altar of the Shining One.
  2546 | D:3      | Noticed a water moccasin
  2562 | D:3      | Slain by a gnoll

Illustrated notes

Levels and vault maps discovered:
D:1:      ncdulo_lavacross, layout_loops_corners,
          chequers_serial_rivers_large_a, grunt_decor_fettered,
          minmay_misc_feat_pillars, feat_on_display
D:2:      wad_lake_hut, layout_basic, basic_altar, kennysheep_big_empty_room,
          minmay_pentomino_t4, uniq_robin
D:3:      layout_loops_corners, vehumet_altar_wand_db,
          mainiacjoe_overflow_cross_hatched

Skill      XL: |  1  2  3  4 |
---------------+-------------+-----
Dodging        | 3 |  3.3
Long Blades    | 3 |  3.3
Fighting       | |  3.6
Stealth        | |  0.3
Shields        | |  3.6

Action                   |  1- 3 |  4- 6 || total
-------------------------+-------+-------++-------
Melee: Long sword        |   125 |    43 ||   168
       Tailslap          |    15 |     3 ||    18
  Use: Potion            |     5 |     3 ||     8
       Scroll            |     5 |       ||     5
 Stab: Sleeping          |     1 |     2 ||     3
Armor: Skin              |    45 |    16 ||    61
Dodge: Dodged            |   123 |    30 ||   153
Block: Buckler           |    33 |    12 ||    45

Table legend: (Time is in decaauts)
 A = Elapsed time spent in this place.
 B = Non-inter-level travel time spent in this place.
 C = Inter-level travel time spent in this place.
 D = Time resting spent in this place.
 E = Time spent auto-exploring this place.
 F = Levels seen in this place.
 G = Mean time per level.
                   A        B        C        D        E       F      G
               +--------+--------+--------+--------+--------+-----+--------+
         Total |   2652 |   2186 |    466 |    430 |      0 |   3 |  884.0 |
       Dungeon |   2652 |   2186 |    466 |    430 |      0 |   3 |  884.0 |
               +--------+--------+--------+--------+--------+-----+--------+

Top non-repeatable levels by time:
     D:2: 1488 daAuts
     D:1: 1112 daAuts
     D:3: 52 daAuts
